AoeStats
← Cruzcerro3

Arena

507475080Analyzed
2v2 RM · 13d ago on Sep 18, 2026· 58m 57s· 4 players
Game mode
Random Map
Map size
Medium (4 player)
Population
200
Speed
Normal
Resources
Standard
Victory
Conquest
Starting age
Dark Age
Ending age
Imperial Age
RankedLock teamsTeams togetherTeam positionsShared explorationLock speedFull tech treeHidden civsTurbo modeCheats
Victory
Defeat
🇪🇸 Mongols · Spain
757
+16
🇪🇸 Italians · Spain
757
+16
🇨🇴 Koreans · Colombia
750
-16
🇪🇸 Cumans · Spain
748
-16
Epidemia
0:26 Loom
9:08 Feudal Age
11:31 Double-Bit Axe
13:04 Horse Collar
20:33 Castle Age
20:19 Scale Mail Armor
28:28 Fletching
33:00 Bodkin Arrow
45:12 Heavy Plow
45:25 Bow Saw
48:08 Chain Mail Armor
48:04 Forging
48:01 Scale Barding Armor
49:15 Wheelbarrow
48:25 Town Watch
49:54 Husbandry
50:57 Elite Skirmisher
51:44 Thumb Ring
53:22 Chain Barding Armor
58:18 Imperial Age
58:09 Pikeman
58:51 Squires
SATANAS
0:37 Loom
11:21 Feudal Age
12:25 Man-at-Arms
19:25 Scale Mail Armor
19:36 Forging
25:32 Castle Age
27:03 Double-Bit Axe
28:31 Pikeman
29:00 Horse Collar
32:27 Wheelbarrow
32:13 Chain Mail Armor
31:41 Long Swordsman
32:35 Elite Skirmisher
35:51 Iron Casting
37:32 Hand Cart
40:46 Bow Saw
40:10 Capped Ram
47:06 Gold Mining
47:08 Stone Mining
48:41 Fletching
48:52 Padded Archer Armor
48:58 Scale Barding Armor
53:18 Imperial Age
52:13 Bodkin Arrow
52:35 Leather Archer Armor
57:21 Cavalier
57:34 Elite Steppe Lancer
Selu
1:58 Loom
11:39 Feudal Age
17:31 Castle Age
16:05 Double-Bit Axe
16:06 Horse Collar
20:27 Crossbowman
21:12 Thumb Ring
40:53 Padded Archer Armor
40:53 Gold Mining
41:25 Stone Mining
47:15 Fletching
49:30 Leather Archer Armor
49:05 Fletching
50:37 Bodkin Arrow
51:42 Stone Shaft Mining
52:35 Bow Saw
52:13 Pikeman
53:50 Light Cavalry
56:25 Wheelbarrow
56:30 Forging
61:09 Imperial Age
Cruzcerro3
7:47 Loom
12:55 Feudal Age
17:18 Castle Age
26:01 Ballistics
27:51 Fletching
28:02 Padded Archer Armor
28:28 Double-Bit Axe
29:01 Gold Mining
29:02 Stone Mining
30:08 Bodkin Arrow
30:55 Thumb Ring
37:21 Imperial Age
35:45 Town Watch
38:37 Wheelbarrow
40:25 Gold Shaft Mining
40:43 Conscription
40:51 Drill
40:51 Murder Holes
42:04 Leather Archer Armor
44:15 Hoardings
43:55 Bloodlines
43:45 Husbandry
46:08 Elite Mangudai
47:36 Bracer
50:36 Onager
51:18 Town Patrol
51:34 Hand Cart
52:09 Nomads
52:13 Heavy Camel Rider
53:43 Bow Saw
53:21 Horse Collar
Connection lost

Rejoining the realm…

Still unreachable

The connection could not be restored.

Session expired

The server has moved on; the page needs a fresh start.